Map: Muro dorado EE

Players

MrFercho

  • Race: Zerg Zerg
  • League: Silver
  • Spawn Location: 5:00

RompeTorment - Winner!

  • Race: Protoss Protoss
  • Spawn Location: 7:00

VOD

Have the link to the VOD?

Description

Time

  • Played on: May 30, 2020, 6:49 p.m.
  • Length: 16:51
Show
View Real Time Build Order
Export as new Build Order

MrFercho Zerg 

Build Orders: Pool First 

Get SALT Encoding   

  12  0:02  Drone  
  13  0:32  Drone  
  14  1:34  Extractor  
  13  1:48  Spawning Pool  
  13  1:51  Hatchery  
  13  1:52  Extractor  
  13  1:53  Extractor  
  9  2:21  Drone x3  
  12  2:44  Overlord x2  
  12  2:57  Overlord  
  12  3:04  Drone  
  13  3:14  Drone  
  13  3:18  Queen  
  16  3:22  Queen  
  18  3:36  Spine Crawler  
  18  3:40  Drone x5, Spine Crawler  
  21  3:58  Hatchery  
  20  4:06  Drone x4  
  24  4:12  Metabolic Boost  
  24  4:22  Spore Crawler  
  23  4:25  Zergling x4  
  23  4:31  Drone x2  
  27  4:48  Lair  
  27  4:51  Drone x3  
  30  5:00  Burrow  
  30  5:12  Pneumatized Carapace  
  30  5:32  Drone x9  
  30  5:33  Drone x3  
  42  5:39  Extractor  
  41  5:44  Extractor  
  40  5:51  Hydralisk Den  
  40  6:11  Drone x3  
  40  6:12  Overlord x4, Drone x2  
  40  6:13  Drone  
  40  6:14  Drone  
  46  6:28  Spire  
  45  6:34  Evolution Chamber  
  45  6:35  Overseer  
  45  6:38  Overseer  
  44  6:47  Spine Crawler  
  44  6:48  Spine Crawler  
  42  7:05  Hydralisk  
  42  7:06  Hydralisk x3  
  50  7:16  Evolution Chamber  
  50  7:18  Zerg Missile Weapons Level 1  
  47  7:47  Zerg Flyer Weapons Level 1  
  47  7:51  Zerg Ground Armor Level 1  
  47  7:52  Hydralisk  
  49  8:05  Drone  
  49  8:06  Drone x5  
  49  8:07  Drone x4  
  49  8:08  Drone  
  60  8:23  Mutalisk x3  
  66  8:49  Hatchery  
  65  9:05  Infestation Pit  
  64  9:10  Drone x2  
  64  9:11  Nydus Network, Drone x4  
  64  9:12  Drone  
  64  9:13  Extractor  
  64  9:16  Zerg Missile Weapons Level 2, Extractor  
  68  9:41  Zerg Flyer Armor Level 1  
  68  10:09  Overseer  
  68  10:10  Overseer  
  68  10:23  Hydralisk  
  68  10:24  Hydralisk x9  
  88  10:29  Overlord x4  
  88  10:30  Overlord x4  
  88  10:49  Zerg Ground Armor Level 2  
  88  11:04  Mutalisk  
  88  11:05  Mutalisk x3  
  96  11:20  Overseer  
  96  11:25  Hydralisk  
  96  11:26  Hydralisk x2  
  102  11:56  Hydralisk x7  
  116  12:09  Drone x3  
  119  12:36  Nydus Canal  
  119  12:55  Hydralisk x8  
  119  12:58  Overlord  
  121  13:44  Overseer  
  121  13:47  Overlord x3  
  121  13:48  Overlord  
  121  13:49  Overlord  
  121  13:50  Overlord x3  
  121  14:12  Hive  
  121  14:15  Zerg Flyer Armor Level 2  
  121  14:16  Mutalisk  
  121  14:17  Mutalisk x6  
  135  14:33  Queen  
  137  14:38  Queen  
  139  15:03  Extractor  
  139  15:04  Extractor  
  137  15:07  Hatchery  
  136  15:21  Hydralisk x16  
  96  15:22  Hydralisk x2  
  92  15:44  Spore Crawler  
  92  15:45  Spore Crawler  
  92  15:46  Spore Crawler x2  
  92  15:47  Spore Crawler x2  
  92  15:48  Spore Crawler  
  43  16:09  Hydralisk  
  43  16:10  Hydralisk x5  
Show
View Real Time Build Order
Export as new Build Order

RompeTorment Protoss - Winner!

Build Orders: Cannon Rush, Carriers 

Get SALT Encoding   

  12  0:02  Probe  
  13  0:14  Pylon  
  13  0:18  Probe (Chrono Boost)  
  15  0:28  Probe (Chrono Boost)  
  15  0:33  Probe (Chrono Boost)  
  16  0:44  Forge, Probe  
  17  0:56  Probe  
  18  1:13  Gateway  
  18  1:26  Pylon  
  18  1:27  Probe (Chrono Boost)  
  19  1:33  Pylon  
  19  1:36  Probe (Chrono Boost)  
  20  1:43  Photon Cannon  
  20  1:49  Assimilator  
  20  1:50  Photon Cannon  
  20  1:56  Photon Cannon  
  20  2:17  Pylon  
  20  2:26  Photon Cannon  
  20  2:33  Photon Cannon  
  20  2:41  Probe (Chrono Boost)  
  21  2:48  Cybernetics Core  
  21  2:51  Probe (Chrono Boost)  
  22  2:55  Probe (Chrono Boost)  
  22  2:56  Assimilator  
  23  3:04  Pylon  
  23  3:07  Photon Cannon  
  23  3:14  Gateway  
  23  3:25  Photon Cannon  
  23  3:28  Shield Battery  
  23  3:38  Photon Cannon  
  23  3:43  Probe (Chrono Boost)  
  23  3:47  Warp Gate (Chrono Boost)  
  24  3:53  Probe (Chrono Boost)  
  25  3:58  Probe (Chrono Boost)  
  26  4:15  Nexus  
  26  4:21  Pylon  
  26  4:27  Pylon  
  26  4:34  Adept  
  26  4:36  Adept  
  30  4:45  Photon Cannon  
  30  4:55  Photon Cannon  
  30  5:03  Assimilator  
  30  5:07  Gateway  
  30  5:11  Probe  
  31  5:23  Probe  
  32  5:32  Photon Cannon  
  32  5:38  Probe (Chrono Boost)  
  32  5:39  Photon Cannon  
  32  5:42  Probe (Chrono Boost)  
  34  5:50  Adept  
  34  5:52  Probe (Chrono Boost)  
  34  5:53  Adept  
  39  5:59  Probe (Chrono Boost)  
  40  6:09  Probe (Chrono Boost)  
  40  6:10  Probe (Chrono Boost)  
  42  6:14  Probe (Chrono Boost)  
  42  6:18  Probe  
  44  6:20  Robotics Facility  
  44  6:25  Stargate  
  45  6:27  Probe (Chrono Boost)  
  45  6:30  Probe (Chrono Boost)  
  48  6:41  Probe (Chrono Boost)  
  48  6:42  Probe (Chrono Boost)  
  48  6:45  Probe (Chrono Boost)  
  48  6:48  Twilight Council  
  49  6:55  Pylon  
  49  6:57  Probe  
  50  7:02  Pylon  
  50  7:16  Assimilator  
  50  7:19  Pylon  
  50  7:30  Adept  
  50  7:31  Stalker  
  50  7:32  Stalker  
  50  7:36  Observer  
  57  7:48  Fleet Beacon  
  57  7:52  Stargate  
  57  7:56  Warp Prism  
  59  7:59  Blink  
  59  8:09  Pylon  
  59  8:12  Pylon  
  59  8:17  Protoss Ground Weapons Level 1 (Chrono Boost)  
  59  8:37  Carrier  
  59  8:39  Carrier  
  71  8:48  Observer  
  72  9:09  Observer  
  73  9:24  Nexus  
  73  9:27  Pylon  
  73  9:31  Pylon  
  73  9:34  Observer  
  73  9:36  Pylon  
  73  10:12  Photon Cannon  
  73  10:14  Photon Cannon  
  73  10:19  Photon Cannon  
  73  10:21  Shield Battery  
  73  10:25  Assimilator  
  73  10:27  Assimilator  
  79  10:35  Carrier  
  79  10:36  Carrier  
  85  10:44  Unknown  
  85  10:51  Probe  
  86  11:03  Probe  
  87  11:15  Probe  
  88  11:36  Observer  
  95  11:40  Mothership (Chrono Boost), Carrier x2  
  101  11:52  Protoss Air Weapons Level 1 (Chrono Boost)  
  109  12:43  Stalker x2  
  113  12:44  Stalker  
  114  13:26  Carrier x2  
  126  13:41  Probe  
  126  13:44  Pylon  
  127  13:50  Pylon  
  127  13:52  Protoss Air Armor Level 1 (Chrono Boost)  
  127  13:53  Probe  
  128  14:00  Immortal  
  128  14:02  Protoss Ground Weapons Level 2  
  132  14:06  Probe  
  133  14:11  Photon Cannon  
  133  14:15  Photon Cannon  
  133  14:18  Probe  
  133  14:20  Charge  
  134  14:28  Gateway  
  134  14:35  Gateway  
  134  14:38  Gateway  
  134  14:39  Carrier x2  
  142  15:16  Stalker  
  142  15:17  Stalker  
  142  15:19  Stalker  
  138  15:45  Stalker  
  138  15:46  Stalker x2  
  138  15:47  Stalker x2  
  138  16:14  Stalker  
  138  16:15  Stalker x3  
  138  16:16  Stalker  
  138  16:17  Stalker  
Tags
 
Composition
Carriers
League
Silver
Matchup
PvZ
Replay Pack
MrFercho
Spawn Locations
Close Positions
Add a new tag
Caveats
  • Supply blocks, unpowered buildings, or Contaminate may cause inaccurate times.
  • Supply counts are checked every 10 seconds.